 Dungeon Crawl Stone Soup version 0.22.1-1-ga44c0e56f4 (webtiles) character file.

1121 Morbidden the Martial Artist (level 8, -3/66 HPs)
             Began as a Black Draconian Monk on Oct 15, 2018.
             Was a Believer of Dithmenos.
             Slain by a bullfrog (7 damage)
             ... on level 6 of the Dungeon.
             The game lasted 00:11:14 (4890 turns).

Morbidden the Martial Artist (Black Draconian Monk) Turns: 4890, Time: 00:11:15

Health: -3/66      AC:  6    Str: 15    XL:     8   Next: 12%
Magic:  9/9        EV: 14    Int: 10    God:    Dithmenos [**....]
Gold:   319        SH:  0    Dex: 15    Spells: 7/7 levels left

rFire    . . .     SeeInvis .     - Unarmed
rCold    . . .     Gourm    .   (no shield)
rNeg     . . .     Faith    .   (armour unavailable)
rPois    .         Spirit   .   (helmet restricted)
rElec    +         Reflect  .   i - scarf {cloud immunity}
rCorr    .         Harm     .   (no gloves)
MR       .....                  (no boots)
Stlth    +.........             k - amulet of the acrobat
HPRegen  0.21/turn              (no ring)
MPRegen  0.11/turn              (no ring)

@: confused, short of breath, marked, wreathed by umbra, drained
A: breathe lightning, unfitting armour, electricity resistance, cold-blooded, AC
+6
a: Breathe Lightning, Shadow Step, Renounce Religion


You were on level 6 of the Dungeon.
You worshipped Dithmenos.
Dithmenos was pleased with you.
You were hungry.

You visited 2 branches of the dungeon, and saw 7 of its levels.

You collected 319 gold pieces.

Inventory:

Armour
 i - a scarf of cloud immunity (worn)
Jewellery
 k - an amulet of the acrobat (around neck)
Scrolls
 c - 4 scrolls of magic mapping {unknown}
 d - 6 scrolls of identify {unknown}
 e - a scroll of enchant armour {unknown}
 f - 2 scrolls of enchant weapon {unknown}
 g - a scroll of teleportation {unknown}
 h - 4 scrolls of remove curse {unknown}
 m - a scroll of fog {unknown}
 n - a scroll of blinking {unknown}
 o - 3 scrolls of fear {unknown}
Potions
 j - a potion of ambrosia
 l - 3 potions of curing
 p - a potion of heal wounds {unknown}
 q - a potion of flight
Comestibles
 a - 11 rations
 r - a chunk of flesh


   Skills:
 + Level 3.9(3.3) Fighting
 + Level 4.1(3.5) Dodging
 + Level 3.7(3.1) Stealth
 * Level 8.2(7.5) Unarmed Combat
 * Level 2.5(2.0) Invocations


You had 7 spell levels left.
You didn't know any spells.
Your spell library was empty.

Dungeon Overview and Level Annotations

Branches:
Dungeon (6/15)             Temple (1/1) D:4

Altars:
Ashenzari
Cheibriados
Dithmenos
Elyvilon
Gozag
Hepliaklqana
Makhleb
Nemelex Xobeh
Okawaru
Qazlal
Ru
Trog
Uskayaw
Wu Jian
Xom
Yredelemnul
Zin
The Shining One


Innate Abilities, Weirdness & Mutations

You can breathe wild blasts of lightning.
Your glossy black scales are hard. (AC +6)
You cannot fit into any form of body armour.
You are resistant to electric shocks. (rElec)
You are cold-blooded and may be slowed by cold attacks.


Message History

* * * LOW HITPOINT WARNING * * *
You feel drained.
* * * LOW HITPOINT WARNING * * *
The wight barely misses you. The ogre hits you with a giant club.
* * * LOW HITPOINT WARNING * * *
You hit the ogre.
The ogre is moderately wounded.
The bullfrog hits you.
* * * LOW HITPOINT WARNING * * *
A jackal comes into view.
A wight comes into view. It is wielding an enchanted mace.
The wight hits you with a mace!
* * * LOW HITPOINT WARNING * * *
You feel drained.
* * * LOW HITPOINT WARNING * * *
The ogre barely misses you.
You miss the wight. The bullfrog hits you.
* * * LOW HITPOINT WARNING * * *
The bullfrog hits you!
You die...

#...#)###.....
#.....o...####..
#..?...........#
..........##...
..........#..# .
..........#.# ...
............########F.%.
............##oO.zzh....
#...)......(z.SF@zsh....
............#######....>
.........?..# #..
..........###
..........# ..........#
#........## #......##


You could see an orc warrior, an ogre, 2 bullfrogs, 4 wights, an adder, 2
jackals and a giant cockroach.

Vanquished Creatures
  3 ogres
  A centaur (D:6)
  A bullfrog (D:6)
  3 scorpions
  A bullfrog zombie (D:5)
  4 orc priests
  A bullfrog skeleton (D:5)
  3 hounds
  Jessica (D:2)
  An iguana (D:3)
  An orc wizard (D:4)
  A worker ant (D:5)
  Natasha (thrice) (D:3)
  A hound zombie (D:3)
  3 adders
  An ooze (D:1)
  2 adder skeletons (D:6)
  3 worms (D:2)
  A dart slug (D:5)
  8 orcs
  6 bats
  2 giant cockroaches
  5 goblins
  4 hobgoblins
  9 jackals
  4 kobolds
  3 quokkas
  2 ball pythons (D:1)
  6 frilled lizards
  A leopard gecko skeleton (D:4)
  5 rats
90 creatures vanquished.

Notes
Turn   | Place    | Note
-------+----------+-------------------------------------------
     0 | D:1      | Morbidden the Draconian Monk began the quest for the Orb.
     0 | D:1      | Reached XP level 1. HP: 19/19 MP: 1/1
   176 | D:1      | Reached XP level 2. HP: 25/26 MP: 2/2
   651 | D:2      | Noticed Jessica
   752 | D:2      | Found a hazy altar of Hepliaklqana.
   810 | D:2      | Killed Jessica
   810 | D:2      | Reached skill level 4 in Unarmed Combat
   810 | D:2      | Reached XP level 3. HP: 31/31 MP: 3/3
  1035 | D:2      | Reached XP level 4. HP: 27/39 MP: 4/4
  1407 | D:3      | Found a glowing silver altar of Zin.
  1429 | D:3      | Reached skill level 5 in Unarmed Combat
  1429 | D:3      | Reached XP level 5. HP: 7/46 MP: 5/5
  1795 | D:3      | Noticed Natasha
  1806 | D:3      | Killed Natasha
  1928 | D:3      | Noticed Natasha
  1948 | D:3      | Killed Natasha
  1952 | D:3      | Noticed Natasha
  1962 | D:3      | Killed Natasha
  2035 | D:3      | HP: 1/46 [iguana (8)]
  2324 | D:3      | Reached XP level 6. HP: 28/52 MP: 6/6
  2608 | D:4      | Found a staircase to the Ecumenical Temple.
  2684 | Temple   | Entered the Ecumenical Temple
  2772 | Temple   | Became a worshipper of Dithmenos the Shadowed
  2772 | Temple   | Reached * piety under Dithmenos
  2772 | Temple   | Reached ** piety under Dithmenos
  2821 | D:4      | Reached skill level 6 in Unarmed Combat
  3125 | D:4      | Found a basalt altar of Yredelemnul.
  3287 | D:4      | Reached skill level 1 in Invocations
  3287 | D:4      | Your scales start taking on a glossy black colour.
  3287 | D:4      | Reached XP level 7. HP: 31/58 MP: 7/7
  3287 | D:4      | Gained mutation: You are resistant to electric shocks.
                  | (rElec) [Black Draconian growth]
  3780 | D:4      | Reached skill level 7 in Unarmed Combat
  3902 | D:5      | Entered Level 5 of the Dungeon
  4073 | D:5      | Found a glowing golden altar of the Shining One.
  4084 | D:5      | Found a hide-covered altar of Uskayaw.
  4849 | D:6      | Reached XP level 8. HP: 63/66 MP: 9/9
  4858 | D:6      | Reached skill level 8 in Unarmed Combat
  4889 | D:6      | HP: 3/66 [wight/mace (3)]
  4890 | D:6      | Slain by a bullfrog

Skill      XL: |  1  2  3  4  5  6  7  8 |
---------------+-------------------------+-----
Stealth        | 2 3 |  3.7
Dodging        | 3 4 |  4.1
Unarmed Combat | 4 5 6 7 8 |  8.2
Invocations    | 1 2 |  2.5
Fighting       | |  3.9

Action                   |  1- 3 |  4- 6 |  7- 9 || total
-------------------------+-------+-------+-------++-------
Melee: Unarmed           |    85 |   155 |    72 ||   312
       Tailslap          |    10 |    19 |     8 ||    37
       Punch             |     4 |     3 |     4 ||    11
 Abil: Breathe Lightning |       |       |     9 ||     9
  Use: Potion            |       |     5 |     2 ||     7
 Stab: Sleeping          |     5 |     3 |     4 ||    12
       Distracted        |       |     1 |     1 ||     2
  Eat: Chunk             |       |     4 |     6 ||    10
       Ration            |       |     1 |       ||     1
Armor: Skin              |    23 |    42 |    12 ||    77
Dodge: Dodged            |    59 |   103 |    62 ||   224
